Get step-by-step instructions on how to execute this build order below. Start the game timer, and the build order will tick by so you can play in parallel with StarCraft on a second screen or mobile device.

Game Time

  0:00

Last Step

  N/A

Next Step

Upcoming Step



Don't want to look back and forth between 2 screens? Try out our Overwolf App, the Spawning Tool Build Advisor to get an in-game overlay with this build!

Complete Build Order

  12  0:00  SCV  
  13  0:12  SCV  
  14  0:24  SCV  
  14  0:26  Supply Depot  
  15  0:39  Refinery  
  15  0:48  SCV  
  15  0:49  Barracks  
  16  0:59  Supply Depot  
  16  1:00  SCV  
  17  1:12  SCV  
  18  1:24  SCV  
  19  1:36  SCV  
  20  1:40  Marine  
  20  1:44  Command Center  
  21  1:53  Orbital Command  
  21  2:06  Marine  
  21  2:17  Factory  
  21  2:24  Marine  
  22  2:30  SCV  
  23  2:38  Barracks  
  23  2:42  Marine, SCV  
  23  2:57  SCV  
  24  3:10  SCV  
  24  3:14  Hellion  
  26  3:21  Marine  
  26  3:23  SCV  
  28  3:30  Refinery  
  28  3:31  Barracks Tech Lab  
  28  3:34  Starport  
  28  3:35  SCV  
  28  3:36  Hellion  
  31  3:47  SCV  
  33  3:49  Orbital Command  
  33  3:51  Barracks Tech Lab  
  32  3:57  Factory Tech Lab  
  32  3:59  SCV  
  32  4:01  Marine  
  34  4:04  Stimpack  
  34  4:09  Refinery  
  34  4:11  SCV  
  34  4:14  SCV  
  36  4:19  Marine  
  36  4:23  SCV  
  38  4:24  Medivac  
  38  4:26  SCV  
  38  4:28  Marine  
  38  4:30  Combat Shield  
  42  4:35  SCV  
  42  4:37  Marine  
  44  4:38  SCV  
  45  4:46  Marine  
  45  4:51  SCV x2  
  46  5:06  SCV x2  
  46  5:17  Supply Depot  
  46  5:38  Marine, SCV x2, Siege Tank  
  46  5:39  Supply Depot  
  46  5:41  Refinery  
  52  5:50  SCV x2  
  52  5:51  Engineering Bay  
  54  6:01  Medivac  
  54  6:02  Supply Depot  
  54  6:03  SCV x2  
  58  6:07  Marine x2  
  58  6:09  Concussive Shells  
  60  6:15  SCV x2  
  62  6:24  Marine, Supply Depot, Siege Tank  
  62  6:25  Marine, Missile Turret  
  67  6:27  SCV  
  67  6:28  Missile Turret  
  68  6:33  SCV  
  69  6:42  Marine  
  69  6:45  Supply Depot  
  69  6:46  Marine, Command Center  
  71  7:07  Supply Depot  
  69  7:17  Siege Tank  
  72  7:30  SCV  
  72  7:35  Marine x2  
  75  7:38  Medivac  
  77  7:46  Terran Infantry Weapons Level 1  
  77  7:53  Marine x2  
  77  7:58  Planetary Fortress  
  79  7:59  SCV x2  
  81  8:10  Marine, Starport Reactor  
  81  8:11  Marine, SCV x2  
  85  8:16  Starport  
  85  8:23  SCV  
  85  8:24  SCV  
  86  8:28  Marine  
  86  8:29  Marine  
  88  8:35  SCV  
  88  8:36  SCV  
  90  8:45  Siege Tank  
  90  8:46  Marine, Barracks  
  90  8:47  Marine  
  95  8:49  Medivac  
  95  8:50  Medivac  
  95  8:51  Factory  
  99  8:58  SCV x3  
  99  9:02  Refinery  
  102  9:04  Marine x2  
  104  9:10  SCV x2  
  106  9:20  Starport Tech Lab  
  106  9:22  Marauder  
  108  9:27  Supply Depot, Refinery  
  108  9:33  Barracks  
  108  9:35  Factory Tech Lab  
  108  9:36  Supply Depot  
  108  9:40  SCV  
  108  9:41  Missile Turret  
  109  9:48  Siege Tank, Marauder x2  
  109  9:49  Supply Depot  
  117  9:57  Barracks Reactor  
  117  9:58  Supply Depot  
  116  10:02  Siege Tank  
  119  10:09  Marine x2  
  119  10:12  Supply Depot  
  121  10:19  Missile Turret  
  121  10:20  Cyclone  
  124  10:27  Marine  
  125  10:34  Supply Depot x2, Cyclone  
  128  10:36  Supply Depot  
  128  10:38  Marine  
  128  10:39  Marine x3  
  128  10:42  Missile Turret  
  132  10:45  Marine  
  133  10:56  Marine x2  
  133  10:57  Marine x2  
  134  11:03  Marine  
  94  11:13  Siege Tank x2  
  94  11:14  Marine x3  
  94  11:15  Marine  
  104  11:21  Marine  
  105  11:32  Banshee  
  101  11:45  Siege Tank  
  101  11:46  Siege Tank  
  94  11:56  Command Center  
  94  11:57  Marine x4  
  94  11:58  Marine  
  99  12:04  Missile Turret  
  99  12:15  Marine x5, Banshee  
  100  12:17  Cyclone  
  100  12:18  Cyclone  
  113  12:25  SCV x2  
  113  12:27  Missile Turret  
  115  12:33  Marine x5  
  120  12:37  SCV x2  
  122  12:49  SCV x2  
  122  12:50  Marine, Siege Tank x2  
  122  12:51  Marine x4  
  130  13:01  SCV x2  
  131  13:08  Marine  
  131  13:09  Marine x3  
  131  13:22  Siege Tank x2  
  137  13:40  Hyperflight Rotors  
  137  13:54  Terran Infantry Armor Level 1  
  137  13:55  Sensor Tower  
  137  13:57  Command Center  
  137  13:58  Armory  
  137  14:06  Missile Turret  
  137  14:23  Fusion Core  
  137  14:37  Refinery  
  137  14:42  Command Center  
  137  14:43  SCV  
  137  14:45  Marine x2  
  138  14:46  Marine, Marauder  
  138  14:47  Marauder  
  138  14:50  Smart Servos  
  145  14:59  Terran Vehicle Weapons Level 1  
  145  15:01  Refinery  
  145  15:03  Armory  
  145  15:07  Marine x3  
  145  15:08  Marauder x2  
  158  15:18  Battlecruiser  
  158  15:21  Liberator x2  
  158  15:23  Weapon Refit  
  158  15:24  Marine x2  
  158  15:25  Marine  
  167  15:29  Marauder x2, Barracks  
  171  15:41  Cloaking Field  
  171  15:42  Marine x3  
  172  15:47  Terran Infantry Weapons Level 2  
  133  15:51  Marauder x2  
  119  16:00  Marine x3  
  119  16:03  Siege Tank x2  
  125  16:12  Marauder x2  
  125  16:17  Barracks  
  125  16:18  Marine x3  
  130  16:22  Battlecruiser  
  138  16:33  Marine x2  
  138  16:34  SCV x2  
  138  16:36  Marine x3, Planetary Fortress  
  145  16:42  SCV  
  145  16:46  SCV x2  
  147  16:51  Marine x2  
  147  16:53  Marine, Terran Vehicle And Ship Armor Level 1  
  147  16:54  Marine, SCV  
  151  16:58  SCV x2  
  154  17:05  Viking x2  
  154  17:06  SCV  
  153  17:09  Marauder x2  
  153  17:10  SCV x2  
  159  17:18  Siege Tank  
  159  17:19  SCV  
  165  17:26  Battlecruiser, Missile Turret  
  171  17:30  Marauder  
  171  17:31  Marauder  
  171  17:35  Viking  
  175  17:52  Marauder x2  
  179  18:03  Orbital Command  
  179  18:30  Battlecruiser  
  185  18:56  Planetary Fortress  
  185  18:58  Marine  
  185  18:59  Marine x4  
  190  19:03  Refinery  
  190  19:16  Marine x2  
  192  19:17  Starport  
  192  19:19  Starport  
  192  19:28  Refinery  
  192  19:29  Widow Mine  
  192  19:30  Widow Mine  
  196  19:40  Missile Turret x2  
  196  19:41  Missile Turret  
  196  19:43  Command Center  
  196  19:51  Widow Mine  
  198  20:08  Supply Depot  
  165  20:31  Supply Depot  
  161  20:49  Marine x4  
  165  20:50  Marauder x2  
  164  21:12  Marauder x2  
  126  21:41  Marine x4  
  126  21:42  Marauder  
  126  21:43  Marine, Marauder  
  133  21:49  Planetary Fortress  
  133  21:52  Refinery  
  133  21:56  Command Center  
  133  21:58  Marine  
  133  21:59  Marine x3  
  133  22:01  Marine  
  137  22:04  Marauder x2  
  137  22:07  Battlecruiser  
  137  22:08  Missile Turret  
  148  22:10  Missile Turret  
  148  22:14  Orbital Command  
  148  22:16  Marine  
  148  22:17  Marine x3  
  148  22:18  Refinery  
  148  22:19  Marine  
  149  22:25  Marine, Marauder  
  152  22:32  Missile Turret  
  152  22:34  Marine x3  
  152  22:35  Marine  
  152  22:36  Marine, Command Center  
  154  22:43  Marine  
  155  22:46  Marine  
  156  22:52  Marine x2  
  156  22:58  Marine x3  
  157  23:00  Marine  
  157  23:03  Viking  
  157  23:04  Marine, Viking  
  165  23:10  Marine x2  
  165  23:12  Battlecruiser  
  173  23:15  Marine, Terran Infantry Weapons Level 3  
  173  23:16  Marine x2  
  173  23:18  Marine  
  177  23:21  Terran Ship Weapons Level 1  
  177  23:22  Marine, Terran Vehicle And Ship Armor Level 2  
  178  23:28  Marine x2  
  178  23:29  Command Center  
  178  23:32  Command Center  
  178  23:33  Marine, Viking x2  
  185  23:34  Marine x2  
  185  23:36  Marine, Missile Turret  
  185  23:39  Marine  
  189  23:45  Marine  
  189  23:46  Marine  
  191  23:51  Marine  
  191  23:52  Marine x2  
  191  23:54  Marine  
  195  23:57  Marine, Missile Turret  
  196  24:03  Marine x2, Viking  
  200  24:10  Planetary Fortress  
  113  25:23  Viking x3  
  119  25:37  Terran Vehicle Weapons Level 2  
  118  25:53  Viking x2, Medivac  
  112  26:23  Medivac x3  
  108  26:53  Battlecruiser  
  108  27:04  Viking x2  
  108  27:06  Marine  
  108  27:07  Marine x6  
  119  27:19  Drilling Claws  
  119  27:24  Marine  
  119  27:25  Marine x6  
  126  27:34  Viking x2  
  130  27:37  Terran Ship Weapons Level 2  
  130  27:42  Marine x5  
  130  27:43  Marine x2  
  135  27:53  Terran Vehicle And Ship Armor Level 3  
  135  27:58  Battlecruiser  
  135  28:00  Marine x7  
  135  28:04  Viking x2  
  146  28:18  Marine x5  
  142  28:29  SCV x2  
  144  28:34  Viking x2  
  148  28:42  Missile Turret  
  148  28:44  Missile Turret x2  
  148  28:45  Marine  
  148  28:46  Marine x6  
  155  28:50  Terran Infantry Armor Level 2  
  155  29:02  Battlecruiser  
  161  29:03  Marine x2  
  161  29:04  Marine x3  
  166  29:18  Missile Turret  
  166  29:25  Marine x2  
  166  29:26  Marine x5  
  173  29:43  Marine x3  
  173  29:44  Marine x4  
  156  30:06  Battlecruiser  
  131  31:10  Marine, Viking  
  131  31:11  Marine x6  
  138  31:28  Marine x6  
  138  31:29  Marine  
  119  31:40  Battlecruiser  
  119  31:46  Marine x7  
  127  31:54  Viking x2  
  131  32:03  Marine  
  131  32:04  Marine x6  
  138  32:21  Marine  
  138  32:22  Marine x6  
  145  32:24  Viking x2  
  145  32:27  Terran Infantry Armor Level 3  
  149  32:30  Planetary Fortress  
  149  32:39  Marine  
  149  32:40  Marine x6  
  156  32:45  Battlecruiser  
  162  32:54  Viking  
  162  32:57  Marine x4  
  162  32:58  Marine x3  
  171  33:15  Marine x2  
  171  33:16  Marauder  
  171  33:17  Marauder  
  177  33:26  Hellion x2  
  181  33:38  Marauder x2  
  185  33:48  Hellion x2  
  189  33:49  Battlecruiser  
  195  33:59  Marauder  
  197  34:09  Hellion  
  196  34:52  Orbital Command  
  193  35:28  Barracks Reactor